 Dungeon Crawl Stone Soup version 0.22.0-1-g6561e4c (webtiles) character file.

77 lukekx100 the Shield-Bearer (level 4, -1/29 HPs)
             Began as a Gargoyle Fighter on Aug 12, 2018.
             Slain by a shadow imp (3 damage)
             ... summoned by Natasha
             ... on level 2 of the Dungeon.
             The game lasted 00:07:51 (1491 turns).

lukekx100 the Shield-Bearer (Gargoyle Fighter)      Turns: 1491, Time: 00:07:51

Health: -1/29      AC: 12    Str: 25    XL:     4   Next: 34%
Magic:  4/4        EV:  6    Int:  9    God:
Gold:   62         SH:  9    Dex:  9    Spells: 3/3 levels left

rFire    . . .     SeeInvis .   a - +0 war axe
rCold    . . .     Gourm    .   c - +0 shield
rNeg     + . .     Faith    .   i - +0 chain mail
rPois    ∞         Spirit   .   (no helmet)
rElec    +         Reflect  .   (no cloak)
rCorr    .         Harm     .   (no gloves)
MR       .....                  (no boots)
Stlth    ..........             (no amulet)
HPRegen  0.09/turn              (no ring)
MPRegen  0.09/turn              (no ring)

@: mighty, hasted and slowed
A: negative energy resistance 1, electricity resistance, unbreathing,
petrification resistance, rot immunity, AC +3
a: no special abilities


You were on level 2 of the Dungeon.
You were not hungry.

You visited 1 branch of the dungeon, and saw 2 of its levels.

You collected 62 gold pieces.

Inventory:

Hand Weapons
 a - a +0 war axe (weapon)
Armour
 b - a +0 scale mail
 c - a +0 shield (worn)
 g - a cursed +0 ring mail
 h - a +0 scale mail
 i - a +0 chain mail (worn)
Scrolls
 j - a scroll of identify {unknown}
Comestibles
 f - 7 rations


   Skills:
 + Level 3.6 Fighting
 * Level 3.0 Axes
 + Level 3.7 Armour
 + Level 0.1 Dodging
 + Level 3.9 Shields


You had 3 spell levels left.
You didn't know any spells.
Your spell library was empty.

Dungeon Overview and Level Annotations

Branches:
Dungeon (2/15)

Altars:

Annotations:
D:2 Natasha


Innate Abilities, Weirdness & Mutations

You are resistant to torment.
Your stone body is resilient. (AC +3)
You are immune to poison.
You resist negative energy. (rN+)
You are resistant to electric shocks. (rElec)
You can survive without breathing.
You are immune to petrification.
You are immune to rotting.


Message History

You block the white imp's attack.
You slash the white imp!
You kill the white imp!
The shadow imp closely misses you.
You hit the shadow imp but do no damage.
You block the shadow imp's attack.
The shadow imp hits you but does no damage.
The shadow imp closely misses you.
You closely miss the shadow imp. You block the shadow imp's attack.
The shadow imp hits you.
* * * LOW HITPOINT WARNING * * *
It was a potion of haste.
You feel yourself speed up. You block the shadow imp's attack.
You closely miss the shadow imp.
Natasha casts a spell.
The shadow imp hits you.
* * * LOW HITPOINT WARNING * * *
You closely miss the shadow imp. The shadow imp barely misses you.
The shadow imp hits you.
You die...

##### ### ....### #..
....... ##.## .5...#
######...#####.....##
#...........@5h......
#.####...#####5......
##.######.....##
#.##... ....##
#.##.## ##..#
#.#####.#...## ..# .
#............# #.#.
.. ######.......##.#
#. ... #.......#.#
##...


You could see Natasha, a white imp and 2 shadow imps.

Vanquished Creatures
  A gnoll (D:1)
  2 adders (D:2)
  An ooze (D:1)
  A worm (D:2)
  A dart slug (D:1)
  2 leopard geckos (D:1)
  3 bats
  A giant cockroach (D:2)
  3 goblins
  2 hobgoblins (D:1)
  6 jackals
  A quokka (D:2)
  3 frilled lizards
  8 kobolds
  6 rats
41 creatures vanquished.

Notes
Turn   | Place    | Note
-------+----------+-------------------------------------------
     0 | D:1      | lukekx100 the Gargoyle Fighter began the quest for the Orb.
     0 | D:1      | Reached XP level 1. HP: 14/14 MP: 1/1
    91 | D:1      | Reached XP level 2. HP: 18/19 MP: 2/2
   453 | D:1      | Reached XP level 3. HP: 23/23 MP: 3/3
  1121 | D:2      | Reached XP level 4. HP: 26/28 MP: 4/4
  1469 | D:2      | Noticed Natasha
  1491 | D:2      | Slain by a shadow imp

Skill      XL: |  1  2  3  4 |
---------------+-------------+-----
Axes           | 2 3 |  3.0
Fighting       | |  3.6
Armour         | |  3.7
Dodging        | |  0.1
Shields        | |  3.9

Action                   |  1- 3 |  4- 6 || total
-------------------------+-------+-------++-------
Melee: War axe           |   133 |    78 ||   211
  Use: Potion            |       |     2 ||     2
  Eat: Ration            |       |     1 ||     1
Armor: Scale mail        |    80 |       ||    80
       Chain mail        |       |    57 ||    57
       Skin              |       |     2 ||     2
Dodge: Dodged            |    42 |    25 ||    67
Block: Shield            |    76 |    53 ||   129
